 Dungeon Crawl Stone Soup version 0.30-a0-161-gdd60e06945 (webtiles) character file.

Game seed: 15302025094685934395

107 qw the Chopper (level 4, -4/28 HPs)
             Began as a Gargoyle Fighter on Sept 27, 2022.
             Slain by an orc
             ... wielding a +0 hand axe
              (6 damage)
             ... on level 3 of the Dungeon.
             The game lasted 00:00:45 (2026 turns).

qw the Chopper (Gargoyle Fighter)                   Turns: 2026, Time: 00:00:46

Health: -4/28      AC: 12    Str: 21    XL:     4   Next: 85%
Magic:  4/4        EV:  9    Int:  9    God:
Gold:   123        SH:  4    Dex:  9    Spells: 3/3 levels left

rFire   . . .      SeeInvis .    Y - +0 war axe
rCold   . . .      Faith    .    c - +0 buckler
rNeg    + . .      Spirit   .    b - +0 scale mail
rPois   inf        Reflect  .    (no helmet)
rElec   +          Harm     .    (no cloak)
rCorr   .          Rampage  .    h - +0 pair of gloves
Will    .....                    g - +0 pair of boots
Stlth   ..........               (no amulet)
HPRegen 0.09/turn                (no ring)
MPRegen 0.09/turn                (no ring)

@: no status effects
A: sickness immunity, AC +3, negative energy resistance 1, electricity
resistance, torment resistance 1, petrification resistance
a: no special abilities


You were on level 3 of the Dungeon.
You visited 1 branch of the dungeon, and saw 3 of its levels.

You collected 123 gold pieces.


Innate Abilities, Weirdness & Mutations

You are immune to sickness and miasma.
Your stone body is resilient. (AC +3)
You are immune to poison.
You resist negative energy. (rN+)
You are resistant to electric shocks. (rElec)
You are resistant to unholy torment.
You are immune to petrification.


   Skills:
 - Level 3.2 Fighting
 + Level 4.4 Axes
 - Level 3.2 Armour
 - Level 3.2 Shields


You had 3 spell levels left.
You didn't know any spells.
Your spell library was empty.

Inventory:

Hand Weapons
 a - a +0 whip
 Y - a +0 war axe (weapon)
Missiles
 m - 2 boomerangs (quivered)
Armour
 b - a +0 scale mail (worn)
 c - a +0 buckler (worn)
 g - a +0 pair of boots (worn)
 h - a +0 pair of gloves (worn)
 n - a +0 cloak
 o - a +1 pair of gloves
 p - a +0 kite shield
Scrolls
 f - a scroll of fog {unknown}
 k - a scroll of brand weapon {unknown}
 l - a scroll of immolation {unknown}
Potions
 d - a potion of might
 e - a potion of degeneration {unknown}
 i - a potion of invisibility {unknown}
 j - a potion of haste {unknown}

Dungeon Overview and Level Annotations

Branches:
Dungeon (3/15)

Altars:


Message History

The orc wizard casts a spell at you. The magic dart hits you.
You closely miss the orc.
The orc shouts!
You hit the orc wizard.
The orc hits you with a +2 hand axe of venom.
The orc wizard gestures at you while chanting.
The magic dart hits you.
You bump into the rock wall.
The orc hits you but does no damage.
An orc wizard comes into view. It is wielding a +0 dagger.
The orc wizard hits you but does no damage.
You bump into the rock wall.
The orc wizard hits you but does no damage.
The orc closely misses you.
An orc comes into view. It is wielding a +0 club.
The orc hits you but does no damage.
You miss the orc. You closely miss the orc wizard. You closely miss the orc.
You feel less confused. The orc closely misses you. The orc barely misses you.
The orc wizard hits you with a +2 dagger of speed.
The orc closely misses you.
A dart slug comes into view.
The orc wizard hits you with a +2 dagger of speed.
You slash the orc wizard!
You kill the orc wizard!
You hit the orc. You closely miss the orc wizard. The orc barely misses you.
You barely miss the orc.
The orc is heavily wounded.
You closely miss the orc. You slash the orc wizard! You barely miss the orc.
The orc barely misses you. You block the orc wizard's attack.
The orc hits you but does no damage. x2
You barely miss the orc wizard.
The orc wizard is heavily wounded.
You barely miss the orc. You hit the orc. You barely miss the orc.
The orc barely misses you. You block the orc wizard's attack.
The orc hits you with a +0 club. The orc hits you but does no damage. x2
The orc hits you with a +0 hand axe.
You die...

.. ##.# #... #..# ##+##
#..# # ##...## #..# # #
##.....## #oo#.###. #
##.......## #@ow.....
###...(.....####)o......
..).........'........###
###.........####...#.# #
##.......## ##.## # #
##.....## ## # ##...## #
##+##


You could see an orc wizard, a dart slug and 3 orcs.

Vanquished Creatures
  An orc wizard (D:3)
  A worm (D:2)
  A dart slug (D:2)
  5 orcs (D:3)
  2 ball pythons
  5 endoplasms
  4 giant cockroaches (D:2)
  2 goblins
  10 hobgoblins
  10 jackals
  5 kobolds
  A quokka (D:1)
  8 bats
  8 rats
63 creatures vanquished.

Notes
Turn   | Place    | Note
-------+----------+-------------------------------------------
     0 | D:1      | qw the Gargoyle Fighter began the quest for the Orb.
     0 | D:1      | Reached XP level 1. HP: 14/14 MP: 1/1
     0 | D:1      | 0 ||| qw: Version: 0.2-a-10-g37ed214
     0 | D:1      | 0 ||| qw: Game counter: 627
     0 | D:1      | 0 ||| qw: Always use a shield: true
     0 | D:1      | 0 ||| qw: God list: Okawaru
     0 | D:1      | 0 ||| qw: Allow faded altars: false
     0 | D:1      | 0 ||| qw: Do Orc after D:15 true
     0 | D:1      | 0 ||| qw: Do second Lair branch before Depths: true
     0 | D:1      | 0 ||| qw: Lair rune preference: random
     0 | D:1      | 0 ||| qw: Plans: Normal, Zot:1-4, God:TSO, Crypt, Tomb,
                  | Pan, Slime:5, Hells, Abyss, Orb
     0 | D:1      | 0 ||| PLANNING D:1-11
    81 | D:1      | Reached skill level 2 in Axes
   188 | D:1      | Reached XP level 2. HP: 19/19 MP: 2/2
   545 | D:1      | Reached skill level 3 in Axes
   547 | D:1      | Reached XP level 3. HP: 20/23 MP: 3/3
   784 | D:1      | Found a faded altar of an unknown god.
   925 | D:1      | 925 ||| UPGRADING to +0 pair of gloves.
   930 | D:1      | 930 ||| READING scroll labelled QUN SOANOMAMEL.
   935 | D:1      | 935 ||| READING scroll labelled GEYP IXKAIT.
  1027 | D:2      | 1027 ||| Stepping ~*~*~tactically~*~*~ (stealth).
  1032 | D:2      | 1032 ||| Stepping ~*~*~tactically~*~*~ (stealth).
  1066 | D:2      | 1066 ||| DROPPING +0 club.
  1395 | D:2      | Reached XP level 4. HP: 28/28 MP: 4/4
  1573 | D:2      | 1573 ||| UPGRADING to +0 pair of boots.
  1578 | D:2      | 1578 ||| DROPPING +6 ring of intelligence.
  1579 | D:2      | 1579 ||| READING scroll labelled IHOENUUWIJ.
  1625 | D:2      | 1625 ||| READING scroll labelled ZOOLOMMYEN.
  1817 | D:3      | Reached skill level 4 in Axes
  2023 | D:3      | HP: 7/28 [orc wizard/+2 dagger of speed (2)]
  2026 | D:3      | HP: 2/28 [orc/+0 club (3)]
  2026 | D:3      | Slain by an orc

Levels and vault maps discovered:
D:1:      sevenhm_arrival_forest_fort_small_5, layout_loops_ring,
          ebering_ecumenical_altar_webs, minmay_crystal_room
D:2:      layout_loops_ring
D:3:      layout_loops_corners, uniq_sigmund

Skill      XL: |  1  2  3  4 |
---------------+-------------+-----
Axes           | 2 3 4 |  4.4
Fighting       | |  3.2
Armour         | |  3.2
Shields        | |  3.2

Action                   |  1- 3 |  4- 6 || total
-------------------------+-------+-------++-------
Melee: War axe           |   105 |    45 ||   150
Throw: Boomerang         |       |     4 ||     4
  Use: Scroll            |     2 |     2 ||     4
Armor: Scale mail        |    46 |    31 ||    77
Dodge: Dodged            |    41 |    29 ||    70
Block: Buckler           |    16 |     6 ||    22

Table legend:
 A = Non-vault XP
 B = Vault XP
 C = Vault XP percentage of total XP
 D = Non-vault monster count
 E = Vault monster count
 F = Vault count percentage of total count
                 A         B        C        D         E       F
            +---------+---------+-------+---------+---------+-------
      Total |     153 |       0 |   0.0 |      63 |       0 |   0.0
            +---------+---------+-------+---------+---------+-------
        D:1 |      44 |       0 |   0.0 |      25 |       0 |   0.0
        D:2 |      41 |       0 |   0.0 |      21 |       0 |   0.0
        D:3 |      68 |       0 |   0.0 |      17 |       0 |   0.0
            +---------+---------+-------+---------+---------+-------
